 Dungeon Crawl Stone Soup version 0.28.0-53-g5a82cb258f (webtiles) character file.

Game seed: 5875769840697129782

3608 ChickenMitten the Ogre Mage (level 10, -2/109 HPs)
             Began as an Ogre Conjurer on Aug 8, 2022.
             Was a Follower of Vehumet.
             Slain by a yak (15 damage)
             ... on level 9 of the Dungeon.
             The game lasted 00:27:59 (11257 turns).

ChickenMitten the Ogre Mage (Ogre Conjurer)        Turns: 11257, Time: 00:27:59

Health: -2/109     AC:  4    Str: 13    XL:     10   Next: 11%
Magic:  1/24       EV: 10    Int: 23    God:    Vehumet [*.....]
Gold:   483        SH:  0    Dex: 13    Spells: 11/29 levels left

rFire   . . .      SeeInvis .   I - +2 quarterstaff (vorpal)
rCold   . . .      Faith    .   (shield currently unavailable)
rNeg    . . .      Spirit   .   a - +0 robe
rPois   .          Reflect  .   t - +1 hat
rElec   .          Harm     .   (no cloak)
rCorr   .          Rampage  .   (gloves unavailable)
Will    +....                   (boots unavailable)
Stlth   ++........              (no amulet)
HPRegen 0.28/turn               k - ring of wizardry
MPRegen 0.19/turn               z - +6 ring of dexterity

@: attractive, hasted, very quick
A: large, unfitting armour, tough skin 1
a: Renounce Religion


You were on level 9 of the Dungeon.
You worshipped Vehumet.
Vehumet was aware of your devotion.
You visited 1 branch of the dungeon, and saw 9 of its levels.

You collected 483 gold pieces.

Inventory:

Hand Weapons
 I - a +2 vorpal quarterstaff (weapon)
Armour
 a - a +0 robe (worn)
 b - a scarf of shadows
 g - a +0 tower shield
 q - an orb of mayhem
 t - a +1 hat (worn)
Jewellery
 e - a ring of ice
 k - a ring of wizardry (left hand)
 x - a ring of see invisible
 z - a +6 ring of dexterity (right hand)
 C - an amulet of faith
 H - a ring of poison resistance
Wands
 n - a wand of flame (58)
 B - a wand of iceblast (11)
Scrolls
 c - a scroll of fear {unknown}
 f - 3 scrolls of noise {unknown}
 i - a scroll of blinking {unknown}
 j - 4 scrolls of amnesia {unknown}
 l - 4 scrolls of teleportation {unknown}
 p - 5 scrolls of identify {unknown}
 r - 2 scrolls of summoning {unknown}
 s - 3 scrolls of enchant armour {unknown}
 u - a scroll of fog {unknown}
 w - a scroll of enchant weapon {unknown}
 y - 2 scrolls of vulnerability {unknown}
 F - a scroll of silence {unknown}
Potions
 d - a potion of attraction
 h - a potion of curing
 m - a potion of haste
 o - a potion of ambrosia {unknown}
 v - a potion of berserk rage {unknown}
 A - a potion of cancellation {unknown}
 D - a potion of degeneration {unknown}
 E - a potion of brilliance {unknown}
 G - a potion of mutation {unknown}


   Skills:
 - Level 9.7 Fighting
 - Level 1.7 Dodging
 - Level 1.4 Stealth
 - Level 10.0 Spellcasting
 - Level 5.5 Conjurations
 * Level 6.0 Earth Magic


You had 11 spell levels left.
You knew the following spells:

 Your Spells              Type           Power      Damage    Failure   Level
a - Magic Dart            Conj           100%       1d8       1%          1
b - Searing Ray           Conj           74%        2d7       1%          2
c - Lightning Bolt        Conj/Air       12%        1d25      21%         5
d - Stone Arrow           Conj/Erth      76%        3d11      1%          3
e - Mephitic Cloud        Conj/Pois/Air  20%        N/A       3%          3
f - Animate Armour        Summ/Erth      50%        N/A       6%          4

Your spell library contained the following spells:

 Spells                   Type           Power      Damage    Failure   Level
 Shock                    Conj/Air       96%        1d9       1%          1
 Static Discharge         Conj/Air       24%        N/A       1%          2
 Pain                     Necr           44%        1d6       2%          1
 Sting                    Tmut/Pois      44%        1d5       2%          1
 Dazzling Flash           Conj/Hex       48%        N/A       2%          3
 Ensorcelled Hibernation  Hex/Ice        22%        N/A       3%          2
 Poisonous Vapours        Pois/Air       22%        N/A       3%          2
 Ignite Poison            Fire/Tmut/Pois 11%        N/A       7%          3
 Spider Form              Tmut/Pois      11%        N/A       7%          3
 Fulminant Prism          Conj/Hex       12%        3d9       8%          4
 Iskenderun's Mystic Bla  Conj/Tloc      24%        2d7       8%          4
 Anguish                  Hex/Necr       5%         N/A       22%         4
 Olgreb's Toxic Radiance  Pois           11%        N/A       22%         4
 Freezing Cloud           Conj/Ice/Air   10%        6-21      28%         5
 Agony                    Necr           11%        N/A       50%         5
 Excruciating Wounds      Necr           5%         N/A       50%         5
 Dispersal                Tloc           5%         N/A       96%         6
 Borgnjor's Revivificati  Necr           5%         N/A       100%        8
 Disjunction              Tloc           5%         N/A       100%        8
 Lehudib's Crystal Spear  Conj/Erth      19%        10d6      100%        8
 Maxwell's Capacitive Co  Air            5%         ∞         100%        8
 Necromutation            Tmut/Necr      5%         N/A       100%        8
 Death's Door             Necr           5%         N/A       100%        9


Dungeon Overview and Level Annotations

Branches:
Dungeon (9/15)             Temple (0/1) D:5
   Lair: D:8-11         Orc: D:9-12

Altars:
Cheibriados
Hepliaklqana
Makhleb
Nemelex Xobeh
Okawaru
Vehumet
Xom
Yredelemnul
Zin
The Shining One

Shops:
D:4 *

Annotations:
D:9 3 runed translucent doors, Garym's ghost, novice MiBe


Innate Abilities, Weirdness & Mutations

You are too large for most types of armour.
You have tough skin. (AC +1)


Message History

The searing ray hits the yak!
The yak is moderately wounded.
You finish channelling your searing ray.
The yak gores you!
Unknown command.
Casting: Searing Ray (safe; 1% risk of failure)
Confirm with . or Enter, or press ? or * to list all spells.
Aiming: Searing Ray (safe; 1% risk of failure)
Press: ? - help, Shift-Dir - straight line, f - yak
Aim: a yak (almost dead, 88% to hit)
The searing ray hits the yak.
The yak is almost dead.
The searing ray hits the yak.
The yak is moderately wounded. (Press . to maintain the ray.)
The yak gores you!
* * * LOW HITPOINT WARNING * * *
The searing ray hits the yak.
You kill the yak!
Vehumet accepts your kill.
The searing ray hits the yak!
The yak is heavily wounded.
Your Earth Magic skill increases to level 6!
The searing ray hits the yak!
The yak is severely wounded.
The yak gores you!
* * * LOW HITPOINT WARNING * * *
The searing ray hits the yak.
The yak is almost dead.
You finish channelling your searing ray.
The yak gores you!
* * * LOW HITPOINT WARNING * * *
It was a potion of curing.
You feel better. The yak barely misses you.
You feel better. The yak gores you!
* * * LOW HITPOINT WARNING * * *
It was a potion of attraction.
You feel attractive to monsters. The yak closely misses you.
It was a potion of haste.
You feel yourself speed up. The yak gores you!
You die...

######### #### #........
...###### #........#
##..Y...### #..).....#
######...##### #........#.
###.)...########..........
#####..Y@....#........#
########......(...#
###........# #........#
#........# #........#
####.##### ##...######
######### #.........#


You could see a yak.

Vanquished Creatures
  3 yaks (D:9)
  2 wyverns (D:9)
  A steam dragon (D:6)
  A water moccasin (D:5)
  An orc warrior (D:7)
  A necrophage (D:4)
  4 ogres
  An ice beast (D:6)
  A centaur (D:6)
  A kobold brigand (D:8)
  2 bullfrogs (D:8)
  A wyvern zombie (D:8)
  A scorpion (D:5)
  A water moccasin zombie (D:6)
  2 jellies
  9 wights
  2 howler monkeys
  2 centaur zombies
  2 hounds
  3 centaur skeletons
  5 orc priests
  A gnoll shaman (D:7)
  An iguana (D:4)
  7 orc wizards
  Natasha (thrice) (D:2)
  A killer bee zombie (D:7)
  A hound skeleton (D:4)
  Robin (D:4)
  A howler monkey zombie (D:9)
  8 gnolls
  4 adders (D:3)
  A shadow imp (D:8)
  A white imp (D:6)
  2 worms (D:2)
  A dart slug (D:1)
  19 orcs
  5 endoplasms
  8 goblins
  12 hobgoblins
  8 quokkas
  7 ball pythons
  2 bats
  A frilled lizard (D:1)
  11 kobolds
  8 rats
  A spectral hobgoblin (D:7)
161 creatures vanquished.

Vanquished Creatures (collateral kills)
  A bullfrog (D:7)
  A centaur skeleton (D:7)
  A gnoll (D:7)
3 creatures vanquished.

Vanquished Creatures (others)
  An orc (D:7)
1 creature vanquished.

Grand Total: 165 creatures vanquished

Notes
Turn   | Place    | Note
-------+----------+-------------------------------------------
     0 | D:1      | ChickenMitten the Ogre Conjurer began the quest for the
                  | Orb.
     0 | D:1      | Reached XP level 1. HP: 16/16 MP: 3/3
   398 | D:1      | Reached skill level 3 in Spellcasting
   398 | D:1      | Reached XP level 2. HP: 24/24 MP: 3/6
  1374 | D:2      | Learned a level 2 spell: Searing Ray
  1422 | D:2      | Reached XP level 3. HP: 14/31 MP: 0/8
  1728 | D:2      | Reached skill level 4 in Spellcasting
  1819 | D:2      | Noticed Natasha
  1824 | D:2      | Killed Natasha
  1825 | D:2      | Reached XP level 4. HP: 33/39 MP: 2/10
  2006 | D:2      | Noticed Natasha
  2016 | D:2      | Killed Natasha
  2017 | D:2      | Reached skill level 5 in Spellcasting
  2055 | D:2      | Noticed Natasha
  2120 | D:2      | Killed Natasha
  2121 | D:2      | Reached XP level 5. HP: 27/45 MP: 7/13
  2652 | D:3      | Found a faded altar of an unknown god.
  2949 | D:3      | Reached skill level 6 in Spellcasting
  3131 | D:3      | Found an iron altar of Okawaru.
  3148 | D:3      | Reached XP level 6. HP: 40/53 MP: 5/15
  3274 | D:3      | Found a glowing drain.
  3433 | D:3      | Found a shimmering altar of Xom.
  3452 | D:3      | Found a sparkling altar of Nemelex Xobeh.
  3528 | D:4      | Found Ickoar's Gadget Gallery.
  3824 | D:4      | Reached skill level 7 in Spellcasting
  4371 | D:4      | Noticed Robin
  4396 | D:4      | Killed Robin
  4634 | D:4      | Noticed a necrophage
  4640 | D:4      | Killed a necrophage
  4641 | D:4      | Reached XP level 7. HP: 59/59 MP: 11/18
  4813 | D:4      | Reached skill level 8 in Spellcasting
  5015 | D:5      | Entered Level 5 of the Dungeon
  5071 | D:5      | Found a radiant altar of Vehumet.
  5098 | D:5      | Became a worshipper of Vehumet
  5510 | D:5      | Reached skill level 9 in Spellcasting
  5961 | D:5      | Found a staircase to the Ecumenical Temple.
  6126 | D:6      | Found a glowing golden altar of the Shining One.
  6135 | D:6      | Reached XP level 8. HP: 67/67 MP: 13/21
  6317 | D:6      | Found a burning altar of Makhleb.
  6335 | D:6      | Reached skill level 10 in Spellcasting
  7080 | D:6      | Reached skill level 5 in Fighting
  7814 | D:7      | Found a flagged portal.
  8200 | D:7      | Reached XP level 9. HP: 93/93 MP: 17/23
  8713 | D:7      | Found a glowing silver altar of Zin.
  9196 | D:7      | Found a hazy altar of Hepliaklqana.
  9552 | D:8      | Reached skill level 5 in Conjurations
  9979 | D:8      | Found a snail-covered altar of Cheibriados.
 10107 | D:8      | Reached * piety under Vehumet
 10107 | D:8      | Offered knowledge of Shock by Vehumet.
 10119 | D:8      | Learned a level 5 spell: Lightning Bolt
 10333 | D:8      | Learned a level 3 spell: Stone Arrow
 10337 | D:8      | Learned a level 3 spell: Mephitic Cloud
 10342 | D:8      | Learned a level 4 spell: Animate Armour
 10359 | D:9      | Reached skill level 1 in Earth Magic
 10488 | D:9      | Found a runed translucent gate.
 10488 | D:9      | Found a runed translucent gate.
 10488 | D:9      | Found a runed translucent gate.
 10488 | D:9      | Noticed Garym's ghost (novice MiBe)
 10491 | D:9      | Found a basalt altar of Yredelemnul.
 11155 | D:9      | Reached skill level 5 in Earth Magic
 11155 | D:9      | Reached XP level 10. HP: 109/109 MP: 14/24
 11253 | D:9      | HP: 5/109 [yak (16)]
 11257 | D:9      | Slain by a yak

Illustrated notes

Levels and vault maps discovered:
D:1:      psy_arrival_radial01, layout_loops_ring,
          amcnicky_mini_rare_corridor_liquid
D:2:      layout_loops_ring, uniq_natasha
D:3:      layout_basic, nemelex_diamond_rough_becter, lemuel_tele_altar,
          mainiacjoe_overflow_brackets, portal_sewer_entry_a,
          chequers_ecumenical_altar_simple_redux
D:4:      layout_loops_ring, nicolae_shop_gadgets, uniq_robin
D:5:      layout_rooms, nicolae_vehumet_radiance,
          minmay_temple_entry_statues_fountains, serial_curves, eino_curves_04,
          eino_curves_03
D:6:      layout_layer_cave, mainiacjoe_overflow_small_starburst,
          nicolae_overflow_crystal_walls, kennysheep_generic_room_4
D:7:      layout_basic, nicolae_hepliaklqana_monster_ancestors,
          mainiacjoe_overflow_surrounded_room, enter_bailey_2,
          minmay_misc_feat_plants
D:8:      layout_rooms, chei_slow_surprise
D:9:      layout_roguey, nicolae_yredelemnul_ghost_church,
          gammafunk_ghost_grave, hangedman_decor_lopped

Skill      XL: |  1  2  3  4  5  6  7  8  9 10 |
---------------+-------------------------------+-----
Spellcasting   | 3 4 5 6 7 9 10 | 10.0
Conjurations   | 4 5 |  5.5
Fighting       | 7 9 |  9.7
Earth Magic    | 5 6 |  6.0
Dodging        | |  1.7
Stealth        | |  1.4

Action                   |  1- 3 |  4- 6 |  7- 9 | 10-12 || total
-------------------------+-------+-------+-------+-------++-------
Melee: Unarmed           |     4 |     1 |     4 |       ||     9
       Quarterstaff      |       |       |    10 |       ||    10
 Cast: Magic Dart        |    59 |   109 |   144 |       ||   312
       Searing Ray       |     2 |    14 |    52 |     4 ||    72
       Stone Arrow       |       |       |    19 |       ||    19
       Lightning Bolt    |       |       |     3 |       ||     3
       Mephitic Cloud    |       |       |     3 |       ||     3
       Animate Armour    |       |       |       |     3 ||     3
  Use: Potion            |       |       |       |     4 ||     4
Armor: Robe              |     3 |     7 |    25 |     1 ||    36
Dodge: Dodged            |     6 |    21 |    41 |     3 ||    71
